Map: Data-C

Players

JonSnow

  • Race: Zerg Zerg
  • Spawn Location: 9:00

PappiJoe - Winner!

  • Race: Protoss Protoss
  • Spawn Location: 3:00

Event: DreamHack SC2 Masters 2022 Atlanta (Offline)

VOD

Have the link to the VOD?

Description

Time

  • Played on: Nov. 18, 2022, 3:48 p.m.
  • Length: 14:31

All games in this series

Show
View Real Time Build Order
Export as new Build Order

JonSnow Zerg 

Build Orders: Pool First 

Get SALT Encoding   

  12  0:01  Drone  
  13  0:12  Overlord  
  13  0:17  Drone  
  14  0:30  Drone x2  
  16  0:41  Spawning Pool  
  15  0:44  Drone  
  15  0:48  Drone  
  17  0:58  Extractor  
  16  1:09  Drone  
  17  1:17  Hatchery  
  16  1:28  Zergling x4  
  16  1:29  Zergling x2  
  19  1:36  Queen  
  21  1:44  Overlord  
  21  1:56  Drone  
  22  2:03  Metabolic Boost  
  22  2:06  Drone  
  23  2:24  Hatchery  
  23  2:25  Drone  
  23  2:29  Drone  
  24  2:38  Queen  
  24  2:43  Drone  
  27  2:45  Drone  
  28  2:53  Queen  
  30  3:04  Overlord  
  30  3:05  Drone x2  
  32  3:06  Drone  
  32  3:12  Overlord  
  33  3:14  Drone  
  33  3:19  Overlord  
  34  3:23  Zergling x4  
  36  3:28  Overlord  
  36  3:36  Drone  
  36  3:37  Queen  
  36  3:39  Drone  
  40  3:43  Drone x2  
  40  3:48  Drone x2  
  44  3:53  Drone x2  
  46  3:57  Drone x2  
  46  3:59  Drone  
  49  4:03  Drone x2  
  49  4:08  Drone x3  
  54  4:13  Extractor  
  54  4:14  Drone x2  
  55  4:21  Roach Warren  
  54  4:25  Zergling x8  
  54  4:28  Zergling x4  
  58  4:35  Overlord  
  58  4:36  Overlord  
  58  4:45  Zergling x14  
  65  4:49  Overlord  
  65  5:03  Roach x7  
  65  5:04  Roach  
  81  5:10  Roach  
  83  5:15  Zergling x2, Roach x3  
  90  5:22  Overlord  
  90  5:23  Overlord  
  90  5:32  Spore Crawler  
  90  5:34  Drone  
  89  5:36  Spore Crawler  
  89  5:37  Ravager  
  89  5:40  Overlord  
  89  5:45  Overlord  
  89  5:47  Zergling x12  
  89  5:48  Extractor  
  94  5:50  Overlord  
  94  5:54  Ravager  
  94  5:55  Zergling x10  
  94  5:56  Zergling x2  
  101  6:02  Overlord  
  101  6:04  Ravager  
  102  6:08  Zergling x2  
  102  6:09  Zergling x8  
  96  6:19  Zergling x4  
  96  6:23  Ravager x2  
  95  6:25  Zergling x2  
  95  6:26  Zergling x8  
  96  6:35  Zergling x10  
  94  6:44  Zergling x4  
  88  6:49  Zergling x4  
  88  6:52  Ravager x2  
  92  6:55  Ravager  
  92  6:56  Zergling x8  
  92  7:00  Zergling x8  
  101  7:07  Lair  
  100  7:12  Zergling x10  
  100  7:16  Drone  
  100  7:17  Drone x2  
  100  7:21  Ravager  
  100  7:22  Drone x3  
  105  7:27  Drone x4  
  105  7:30  Evolution Chamber  
  96  7:39  Drone x6  
  102  7:47  Roach x2  
  106  7:54  Zergling x12  
  112  8:03  Zerg Melee Weapons Level 1  
  112  8:09  Drone x3, Hatchery  
  112  8:10  Drone x3  
  117  8:13  Drone  
  117  8:18  Drone  
  117  8:19  Extractor  
  118  8:20  Extractor  
  118  8:23  Glial Reconstitution  
  118  8:25  Drone  
  118  8:26  Drone x5  
  122  8:27  Roach x2  
  126  8:34  Zergling x8, Baneling Nest  
  126  8:36  Overseer  
  126  8:41  Extractor  
  128  8:43  Queen  
  130  8:48  Drone  
  130  8:49  Drone  
  130  8:50  Drone x5  
  130  8:52  Overseer  
  130  8:53  Overlord x2  
  137  8:57  Evolution Chamber  
  133  9:11  Drone, Overlord  
  133  9:12  Drone x7  
  133  9:17  Centrifugal Hooks  
  136  9:19  Hatchery  
  136  9:20  Roach  
  136  9:29  Roach x2  
  136  9:30  Zergling x2  
  141  9:32  Ravager x2  
  141  9:33  Ravager x2  
  141  9:34  Baneling x4  
  141  9:35  Baneling, Hatchery  
  144  9:39  Zergling x8  
  144  9:40  Zergling x2  
  135  10:01  Zerg Melee Weapons Level 2  
  135  10:02  Zerg Missile Weapons Level 1  
  135  10:06  Zergling x32  
  151  10:07  Infestation Pit  
  151  10:09  Drone x2  
  151  10:10  Extractor x2  
  151  10:14  Drone  
  151  10:22  Zergling x10  
  151  10:23  Zergling x6  
  151  10:27  Queen  
  160  10:33  Roach x3  
  166  10:35  Overlord  
  165  10:44  Baneling x8  
  165  10:51  Zergling x2  
  165  10:52  Zergling x24  
  165  10:53  Hive  
  176  11:08  Overlord x4  
  176  11:09  Drone x3  
  176  11:10  Drone x4, Spire  
  178  11:18  Baneling  
  178  11:19  Baneling x8  
  178  11:21  Infestor  
  178  11:25  Drone x2  
  182  11:26  Spore Crawler, Spine Crawler  
  182  11:28  Spine Crawler  
  182  11:29  Spine Crawler  
  178  11:33  Baneling x11  
  178  11:35  Zergling x32  
  171  12:09  Baneling  
  171  12:10  Baneling x12  
  171  12:11  Zergling x46  
  171  12:12  Adrenal Glands  
  171  12:14  Ultralisk Cavern  
  178  12:23  Zergling x2  
  178  12:24  Zergling x18  
  183  12:30  Baneling x20  
  183  12:31  Baneling x3  
  183  12:45  Drone  
  183  12:46  Drone x5  
  183  12:49  Extractor  
  183  12:50  Extractor  
  162  13:08  Chitinous Plating  
  162  13:10  Ultralisk x2  
  162  13:11  Overlord  
  171  13:15  Spore Crawler  
  171  13:16  Zergling x36, Spine Crawler  
  172  13:29  Zergling x2, Ultralisk x2  
  172  13:30  Zergling x2  
  167  13:38  Zergling x2  
  167  13:39  Zergling x14  
  154  13:44  Ultralisk  
  146  13:49  Zergling x8  
  146  13:54  Ravager  
  146  13:55  Baneling x4  
  146  13:57  Zergling x6  
  141  14:04  Zergling x12  
  141  14:07  Baneling x6  
  139  14:10  Zergling x4  
Show
View Real Time Build Order
Export as new Build Order

PappiJoe Protoss - Winner!

Build Orders: 1 Gate Expand 

Get SALT Encoding   

  12  0:00  Probe  
  13  0:12  Probe  
  14  0:18  Pylon  
  14  0:24  Probe  
  15  0:36  Probe (Chrono Boost)  
  15  0:38  Gateway  
  16  0:44  Assimilator  
  16  0:49  Probe (Chrono Boost)  
  17  0:54  Probe (Chrono Boost)  
  18  1:04  Probe  
  19  1:23  Nexus  
  19  1:31  Cybernetics Core  
  19  1:33  Probe  
  20  1:40  Zealot  
  22  1:49  Probe, Pylon  
  23  1:58  Assimilator  
  23  2:07  Adept (Chrono Boost), Warp Gate, Probe  
  26  2:18  Gateway  
  26  2:20  Probe  
  27  2:32  Probe, Stalker  
  27  2:36  Probe (Chrono Boost)  
  32  2:44  Probe (Chrono Boost)  
  32  2:48  Probe (Chrono Boost)  
  32  2:55  Probe (Chrono Boost)  
  32  2:58  Twilight Council, Probe (Chrono Boost)  
  34  3:00  Probe (Chrono Boost)  
  34  3:03  Probe  
  36  3:11  Probe  
  37  3:16  Probe  
  38  3:21  Robotics Facility  
  38  3:24  Probe (Chrono Boost)  
  38  3:25  Resonating Glaives  
  39  3:28  Probe (Chrono Boost)  
  39  3:29  Gateway  
  40  3:40  Probe (Chrono Boost)  
  42  3:41  Probe (Chrono Boost)  
  42  3:43  Shield Battery  
  42  3:46  Pylon  
  43  3:55  Adept x2  
  46  3:57  Assimilator  
  46  4:03  Pylon  
  46  4:04  Probe x2  
  48  4:14  Pylon  
  48  4:16  Adept x2, Warp Prism (Chrono Boost)  
  54  4:24  Probe x2  
  56  4:35  Adept  
  56  4:36  Adept x2, Probe  
  63  4:42  Probe  
  63  4:45  Pylon  
  64  4:46  Observer  
  64  4:48  Probe  
  66  4:54  Pylon  
  66  4:56  Stalker  
  69  5:00  Probe  
  69  5:09  Nexus  
  69  5:13  Probe x2  
  71  5:20  Shield Battery  
  71  5:22  Assimilator  
  71  5:25  Probe x2  
  73  5:36  Sentry, Robotics Bay  
  73  5:37  Sentry x2, Forge  
  73  5:38  Probe x2  
  81  5:49  Immortal  
  85  5:50  Shield Battery, Probe  
  86  6:04  Pylon  
  86  6:07  Pylon  
  86  6:10  Pylon  
  86  6:12  Shield Battery  
  86  6:18  Probe x2  
  86  6:21  Pylon  
  86  6:22  Stalker x2  
  90  6:26  Stalker  
  90  6:30  Probe  
  93  6:38  Colossus (Chrono Boost)  
  89  6:48  Protoss Ground Weapons Level 1 (Chrono Boost)  
  89  6:49  Probe  
  89  6:52  Blink  
  89  6:53  Probe x2  
  92  6:57  Shield Battery  
  92  7:01  Probe  
  92  7:02  Gateway  
  92  7:05  Probe x2  
  92  7:07  Stalker x3  
  89  7:16  Probe  
  89  7:17  Probe  
  89  7:21  Colossus (Chrono Boost)  
  86  7:29  Stalker  
  86  7:30  Stalker x2  
  90  7:41  Extended Thermal Lance  
  90  7:50  Nexus  
  90  7:51  Pylon  
  90  7:52  Probe x2  
  90  7:55  Pylon  
  92  8:04  Probe x2, Pylon  
  94  8:08  Pylon  
  93  8:14  Pylon  
  93  8:15  Colossus (Chrono Boost)  
  93  8:19  Templar Archives  
  99  8:21  Shield Battery  
  99  8:28  Gateway  
  99  8:29  Gateway  
  99  8:30  Gateway  
  99  8:32  Sentry  
  101  8:34  Gateway  
  101  8:35  Sentry  
  103  8:43  Pylon  
  103  8:46  Pylon  
  103  8:48  Sentry  
  105  8:54  Pylon  
  105  8:58  Assimilator  
  105  9:03  Gateway  
  105  9:06  Assimilator  
  105  9:13  Stalker x3  
  109  9:27  Gateway  
  108  9:36  Nexus, High Templar x2  
  113  9:38  Observer (Chrono Boost), Pylon  
  113  9:42  Archon  
  113  9:46  Zealot x3  
  113  9:47  Zealot  
  113  9:49  Protoss Ground Weapons Level 2 (Chrono Boost)  
  120  9:57  Probe x2  
  118  10:00  Probe  
  119  10:16  Probe x3  
  119  10:17  Stalker x2, High Templar x2  
  119  10:18  Stalker x2  
  119  10:19  Charge (Chrono Boost)  
  119  10:21  Photon Cannon  
  134  10:22  Archon  
  134  10:28  Immortal  
  134  10:30  Probe  
  134  10:31  Probe x2  
  139  10:43  Probe x3  
  142  10:51  Photon Cannon  
  142  10:53  Shield Battery  
  142  10:55  Stalker x2, Probe, High Templar x2  
  151  11:05  Gateway  
  151  11:06  Archon  
  151  11:07  Probe x3  
  151  11:08  Probe, Gateway  
  151  11:09  Phoenix x2  
  155  11:12  Stalker  
  155  11:23  Probe x3  
  158  11:26  Gateway  
  158  11:27  Photon Cannon  
  158  11:31  Probe  
  159  11:33  Gateway, Assimilator  
  159  11:34  Gateway  
  159  11:35  Probe, Assimilator  
  159  11:39  Immortal (Chrono Boost)  
  158  11:43  Stalker  
  158  11:44  Stalker  
  163  11:56  High Templar x3  
  163  11:59  Pylon  
  169  12:01  Archon  
  169  12:04  Pylon  
  169  12:09  High Templar  
  169  12:13  Archon  
  169  12:14  Zealot x3  
  177  12:17  Immortal  
  175  12:26  High Templar  
  177  12:30  Gateway  
  177  12:34  Zealot x8  
  193  12:42  High Templar  
  195  12:49  Shield Battery, Photon Cannon  
  195  12:55  High Templar  
  175  13:00  Archon  
  175  13:05  High Templar  
  177  13:06  Zealot  
  177  13:07  Zealot x2  
  177  13:09  Archon  
  183  13:15  Gateway  
  183  13:18  Zealot x5  
  181  13:27  Archon  
  181  13:29  Stalker  
  181  13:30  Stalker x2  
  179  13:40  Stalker x6  
  169  13:52  Zealot x4  
  177  14:03  High Templar  
  177  14:04  High Templar x5  
  177  14:07  Archon  
  177  14:08  Archon  
  177  14:09  Archon  
  183  14:10  Nexus  
  183  14:15  Robotics Facility  
  183  14:16  Robotics Facility  
  173  14:20  Zealot x4  
  163  14:26  Pylon  
Tags
 
Add a new tag
Caveats
  • Supply blocks, unpowered buildings, or Contaminate may cause inaccurate times.
  • Supply counts are checked every 10 seconds.